 Dungeon Crawl Stone Soup version 0.20.0 (webtiles) character file.

61658 dipablo the Warrior (level 14, -34/137 HPs)
             Began as a Minotaur Fighter on June 8, 2017.
             Was the Champion of Okawaru.
             Killed from afar by a frost giant (43 damage)
             ... with a bolt of cold
             ... in an ice cave.
             The game lasted 01:35:17 (22258 turns).

dipablo the Warrior (Minotaur Fighter)             Turns: 22258, Time: 01:35:18

Health: -34/137    AC: 24    Str: 25    XL:     14   Next: 61%
Magic:  19/20      EV: 12    Int:  5    God:    Okawaru [******]
Gold:   1899       SH: 15    Dex: 16    Spells: 13/13 levels left

rFire    x . .     SeeInvis +   K - +5 morningstar (elec)
rCold    . . .     Gourm    .   c - +0 shield
rNeg     . . .     Faith    .   O - +3 chain mail of Dramatic Exits {+Fly rElec rF- SInv}
rPois    .         Spirit   .   X - +0 hat
rElec    +         Reflect  .   R - +1 cloak
rCorr    .         Harm     .   v - +0 pair of gloves
MR       +....                  D - +0 pair of boots
Stlth    ..........             (no amulet)
Regen    0.4/turn               H - +5 ring of dexterity
MPRegen  0.2/turn               S - +5 ring of protection

@: heroism, hasted, very quick
A: retaliatory headbutt, horns 2, deformed body
a: Heroism, Finesse, Renounce Religion, Evoke Flight


You were in an ice cave.
You worshipped Okawaru.
Okawaru was exalted by your worship.
You were not hungry.

You visited 2 branches of the dungeon, and saw 19 of its levels.
You also visited: Ossuary and Ice Cave.

You collected 1899 gold pieces.

Inventory:

Hand Weapons
 K - a +5 morningstar of electrocution (weapon)
 M - the +9 arbalest "Anibb" {freeze, Dex+3 Stlth+}
   (You found it on level 5 of the Lair of Beasts)

   It causes projectiles fired from it to freeze those they strike, causing
   extra injury to most foes and up to half again as much damage against
   particularly susceptible opponents.
   They can also slow down cold-blooded creatures.
   It affects your dexterity (+3).
   It makes you more stealthy.
Missiles
 b - 8 javelins of returning (quivered)
 r - 154 bolts
 T - 4 exploding tomahawks
Armour
 c - a +0 shield (worn)
 u - the +2 buckler of Precision Catastrophes {MR+}
   (Okawaru gifted it to you in an ice cave)

   It affects your resistance to hostile enchantments.
 v - a +0 pair of gloves (worn)
 D - a +0 pair of boots (worn)
 O - the +3 chain mail of Dramatic Exits (worn) {+Fly rElec rF- SInv}
   (You found it on level 9 of the Dungeon)

   It makes you vulnerable to fire.
   It insulates you from electricity.
   It lets you see invisible.
   It lets you fly.
 R - a +1 cloak (worn)
 X - a +0 hat (worn)
Jewellery
 q - an uncursed ring of see invisible {unknown}
 y - an uncursed ring of flight
 H - a +5 ring of dexterity (left hand)
 S - a +5 ring of protection (right hand)
Wands
 g - a wand of flame (20/48)
 j - a wand of lightning (4/15)
 l - a wand of paralysis (12/24)
 E - a wand of polymorph (12/24)
Scrolls
 a - 2 scrolls of remove curse
 e - 10 scrolls of teleportation
 m - 5 scrolls of immolation
 n - a scroll of blinking
 A - 3 scrolls of magic mapping
 I - 2 scrolls of recharging
 P - a scroll of fear
 V - 4 scrolls of fog
Potions
 d - 3 potions of might
 h - 8 potions of haste
 k - 3 potions of lignification
 t - a potion of agility
 x - a potion of curing
 z - 5 potions of flight
 B - 7 potions of mutation
 C - 2 potions of resistance {unknown}
 G - a potion of invisibility
Miscellaneous
 p - 3 sacks of spiders
Comestibles
 f - 7 bread rations
 i - 6 meat rations
 o - 12 fruits
 s - 15 chunks of flesh
 J - 4 royal jellies


   Skills:
 * Level 16.0(21.0) Fighting
 * Level 15.7(20.7) Maces & Flails
 * Level 6.8(11.8) Crossbows
 + Level 12.1(17.1) Armour
 - Level 11.4(16.4) Shields
 + Level 9.8 Invocations


You had 13 spell levels left.
You didn't know any spells.

Dungeon Overview and Level Annotations

Branches:
Dungeon (13/15)            Temple (0/1) D:7            Lair (6/6) D:11
  Swamp (0/4) Lair:4       Spider (0/4) Lair:4        Slime (0/5) Lair:6
    Orc (0/2) D:10
 Vaults: D:13-14

Altars:
Cheibriados
Dithmenos
Gozag
Hepliaklqana
Okawaru
Ru
Sif Muna
Yredelemnul
The Shining One
Jiyva

Shops:
D:9 [

Portals:
Trove: D:10 (give +3 storm dragon scales)


Innate Abilities, Weirdness & Mutations

You reflexively headbutt those who attack you in melee.
You have a pair of horns on your head.
Armour fits poorly on your strangely shaped body.


Message History

The frost giant freezes you.
* * * LOW HITPOINT WARNING * * *
Okay, then.
As you read the scroll of fear, it crumbles to dust.
You assume a fearsome visage.
The polar bear looks frightened!
The yak looks frightened!
The frost giant resists with almost no effort.
The wolf looks frightened!
You feel much better. The frost giant casts a spell at you.
The bolt of cold hits you!
* * * LOW HITPOINT WARNING * * *
You feel yourself speed up. You block the frost giant's attack.
The frost giant hits you with a battleaxe of freezing!
* * * LOW HITPOINT WARNING * * *
The frost giant freezes you.
* * * LOW HITPOINT WARNING * * *
The frost giant casts a spell at you. The bolt of cold hits you!
You die...

######## ##### ##......####
####†..#
####....#.....####...(#..Y#
#.÷..#######....#..C####h.....
..#### ###..@.### .C.... ###
###### ..... # ....# ..## ..#
## .## ## ≈# ... .### ≈≈###..
...## ≈≈≈.#


You could see a frost giant.

Vanquished Creatures
  Nessos (D:12)
  4 hydras
  A catoblepas (Lair:2)
  3 two-headed ogres
  An orc knight (D:11)
  An oklob plant (Lair:4)
  2 manticores
  2 cyclopes (D:12)
  3 elephants (Lair:5)
  2 ice statues (IceCv)
  A torpor snail (Lair:4)
  6 black mambas
  26 spiny frogs
  A gargoyle (D:13)
  A kobold demonologist (D:12)
  6 rime drakes
  3 komodo dragons
  4 trolls
  Prince Ribbit (Lair:1)
  17 polar bears
  33 blink frogs
  4 tyrant leeches (Lair:6)
  8 hippogriffs
  4 redbacks (Lair:4)
  2 vampires
  2 shadows (D:11)
  2 wyverns
  A basilisk (Lair:4)
  68 yaks
  A steam dragon (Lair:4)
  3 wargs (D:11)
  6 vampire mosquitoes (Lair:6)
  16 water moccasins
  9 porcupines
  3 ice beasts (D:10)
  3 sky beasts
  6 orc warriors
  An eye of draining (D:10)
  2 phantoms
  7 ogres
  21 wolves
  11 centaurs
  13 crocodiles
  2 big kobolds (D:12)
  20 bullfrogs
  A gnoll sergeant (D:6)
  5 scorpions
  9 wights
  12 killer bees
  5 howler monkeys
  5 electric eels
  3 centaur zombies
  7 crimson imps
  6 hounds
  9 jellies
  5 orc priests
  A bullfrog skeleton (D:5)
  3 orc wizards
  2 centaur skeletons
  7 hell rats
  2 iguanas (D:5)
  11 worker ants
  A big kobold zombie (Ossuary)
  A hound zombie (D:9)
  4 mummies (Ossuary)
  3 gnolls (D:6)
  10 adders
  8 river rats (D:7)
  A shadow imp (D:7)
  4 oozes
  3 adder skeletons
  6 worms
  7 leopard geckos
  37 orcs
  2 ball pythons
  6 bats
  2 giant cockroaches
  2 gnoll zombies (Ossuary)
  6 goblins
  10 hobgoblins
  8 jackals
  14 quokkas
  8 frilled lizards
  A goblin zombie (Ossuary)
  18 kobolds
  2 orc zombies (Ossuary)
  22 rats
613 creatures vanquished.

Vanquished Creatures (others)
  An orc wizard (D:9)
  A bush (Lair:5)
  3 fungi
  41 plants
46 creatures vanquished.

Grand Total: 659 creatures vanquished

Notes
Turn   | Place    | Note
-------+----------+-------------------------------------------
     0 | D:1      | dipablo the Minotaur Fighter began the quest for the Orb.
     0 | D:1      | Reached XP level 1. HP: 19/19 MP: 0/0
   427 | D:1      | Reached XP level 2. HP: 27/27 MP: 1/1
   697 | D:2      | Reached skill level 4 in Fighting
   821 | D:2      | Reached XP level 3. HP: 32/33 MP: 2/2
   896 | D:2      | Found a shadowy altar of Dithmenos.
  1375 | D:2      | Reached XP level 4. HP: 29/41 MP: 3/3
  1677 | D:3      | Found an iron altar of Okawaru.
  1685 | D:3      | Became a worshipper of Warmaster Okawaru
  1858 | D:3      | Found an opulent altar of Gozag.
  1972 | D:3      | Found an opulent altar of Gozag.
  2145 | D:4      | Reached skill level 5 in Fighting
  2145 | D:4      | Reached XP level 5. HP: 48/48 MP: 4/4
  2270 | D:4      | Found a sand-covered staircase.
  2285 | Ossuary  | Entered an ossuary
  2525 | Ossuary  | Reached skill level 1 in Invocations
  2546 | Ossuary  | Reached XP level 6. HP: 56/56 MP: 5/5
  2735 | D:4      | Reached * piety under Okawaru
  2735 | D:4      | Reached skill level 5 in Maces & Flails
  2735 | D:4      | Reached skill level 5 in Shields
  2836 | D:4      | Found a glowing golden altar of the Shining One.
  3518 | D:5      | Entered Level 5 of the Dungeon
  3541 | D:5      | Reached skill level 6 in Fighting
  3541 | D:5      | Reached XP level 7. HP: 17/63 MP: 7/7
  3871 | D:5      | Reached skill level 5 in Armour
  4683 | D:6      | Reached skill level 7 in Fighting
  4715 | D:6      | Reached XP level 8. HP: 68/73 MP: 9/9
  4726 | D:6      | Reached ** piety under Okawaru
  5017 | D:6      | Found a hazy altar of Hepliaklqana.
  5220 | D:7      | Found a staircase to the Ecumenical Temple.
  5302 | D:7      | Reached skill level 8 in Fighting
  5344 | D:7      | Reached *** piety under Okawaru
  5625 | D:7      | Reached XP level 9. HP: 39/82 MP: 8/10
  6565 | D:8      | Found a basalt altar of Yredelemnul.
  6626 | D:8      | Reached **** piety under Okawaru
  6626 | D:8      | Reached skill level 9 in Fighting
  7229 | D:9      | Found Debem's Armour Shop.
  7388 | D:9      | Found a deep blue altar of Sif Muna.
  7451 | D:9      | Identified Sif Muna's Volume of the Escort
  7524 | D:9      | Found a snail-covered altar of Cheibriados.
  7604 | D:9      | Got a slimy chain mail
  7610 | D:9      | Identified the +3 chain mail of Dramatic Exits {+Fly rElec rF- SInv} (You found it on level 9 of the Dungeon)
  7738 | D:9      | Reached ***** piety under Okawaru
  7738 | D:9      | Reached XP level 10. HP: 37/93 MP: 10/12
  7743 | D:9      | Reached skill level 10 in Fighting
  8000 | D:9      | Found a sacrificial altar of Ru.
  8351 | D:9      | Reached skill level 5 in Invocations
  8363 | D:10     | Entered Level 10 of the Dungeon
  8385 | D:10     | Received a gift from Okawaru
  8465 | D:10     | Noticed a two-headed ogre
  8478 | D:10     | Killed a two-headed ogre
  8478 | D:10     | Reached skill level 10 in Maces & Flails
  8681 | D:10     | Found a portal to a secret trove of treasure.
  8683 | D:10     | Found a staircase to the Orcish Mines.
  9019 | D:10     | Reached skill level 11 in Fighting
  9645 | D:10     | Noticed a two-headed ogre
  9654 | D:10     | Killed a two-headed ogre
  9654 | D:10     | Reached XP level 11. HP: 98/102 MP: 11/14
 10222 | D:11     | Noticed a two-headed ogre
 10230 | D:11     | Killed a two-headed ogre
 10230 | D:11     | Received a gift from Okawaru
 10478 | D:11     | Reached skill level 12 in Fighting
 10567 | D:11     | Found a staircase to the Lair.
 10713 | D:11     | Noticed an orc knight
 10766 | D:11     | Killed an orc knight
 11288 | Lair:1   | Entered Level 1 of the Lair of Beasts
 11570 | Lair:1   | Received a gift from Okawaru
 12151 | Lair:1   | Noticed Prince Ribbit
 12155 | Lair:1   | Killed Prince Ribbit
 12169 | Lair:1   | Reached skill level 10 in Shields
 12179 | Lair:1   | Reached XP level 12. HP: 35/113 MP: 16/16
 12516 | Lair:1   | Got an ominously black robe
 12528 | Lair:1   | Identified the cursed +0 robe "Ezuumam" {rPois rF+ rC+ Str+2} (You found it on level 1 of the Lair of Beasts)
 13029 | Lair:2   | Reached skill level 13 in Fighting
 13211 | Lair:2   | Got a heavy robe
 13336 | Lair:2   | Identified the cursed +1 robe of Activism {+Fly rPois} (You found it on level 2 of the Lair of Beasts)
 13355 | Lair:2   | Reached skill level 10 in Armour
 13873 | Lair:2   | Noticed a catoblepas
 13888 | Lair:2   | Killed a catoblepas
 13888 | Lair:2   | Received a gift from Okawaru
 13896 | Lair:2   | Got a crude buckler {god gift}
 13914 | Lair:2   | Identified the +1 buckler "Cemmahi" {*Contam +Inv rC+++ Dex-2} (Okawaru gifted it to you on level 2 of the Lair of Beasts)
 13932 | Lair:2   | Gained mutation: Armour fits poorly on your strangely shaped body. [mutagenic glow]
 14823 | Lair:4   | Noticed a four-headed hydra
 14846 | Lair:4   | Killed a four-headed hydra
 15355 | Lair:4   | Reached skill level 14 in Fighting
 15423 | Lair:4   | Found a staircase to the Swamp.
 15602 | Lair:4   | Found a hole to the Spider Nest.
 15697 | Lair:4   | Reached XP level 13. HP: 87/124 MP: 18/18
 17109 | Lair:5   | Reached ****** piety under Okawaru
 17608 | Lair:5   | Got a bloodstained arbalest
 17614 | Lair:5   | Identified the +9 arbalest "Anibb" {freeze, Dex+3 Stlth+} (You found it on level 5 of the Lair of Beasts)
 18037 | Lair:6   | Entered Level 6 of the Lair of Beasts
 18049 | Lair:6   | Reached skill level 1 in Crossbows
 18195 | Lair:6   | Received a gift from Okawaru
 18263 | Lair:6   | Found a runed door.
 18263 | Lair:6   | Found a viscous altar of Jiyva.
 18263 | Lair:6   | Found a staircase to the Slime Pits.
 18384 | Lair:6   | Reached skill level 15 in Fighting
 18693 | Lair:6   | Received a gift from Okawaru
 18969 | Lair:6   | Reached skill level 15 in Maces & Flails
 19048 | Lair:6   | Reached XP level 14. HP: 101/135 MP: 19/19
 19445 | Lair:6   | Reached skill level 5 in Crossbows
 20156 | D:12     | Received a gift from Okawaru
 20501 | D:12     | Noticed Nessos
 20515 | D:12     | Killed Nessos
 21353 | D:13     | Found a frozen archway.
 21361 | IceCv    | Entered an ice cave
 21548 | IceCv    | Received a gift from Okawaru
 21553 | IceCv    | Got a blackened buckler {god gift}
 21574 | IceCv    | Identified the +2 buckler of Precision Catastrophes {MR+} (Okawaru gifted it to you in an ice cave)
 22181 | IceCv    | Reached skill level 16 in Fighting
 22235 | IceCv    | Noticed a frost giant
 22258 | IceCv    | Killed from afar by a frost giant

Skill      XL: |  1  2  3  4  5  6  7  8  9 10 11 12 13 14 |
---------------+-------------------------------------------+-----
Shields        | 4 5 6 7 9 10 11 | 11.4
Fighting       | 4 5 6 7 8 9 11 12 14 15 16 | 16.0
Maces & Flails | 3 4 5 6 7 9 11 12 13 15 | 15.7
Armour         | 4 5 6 7 8 9 10 11 12 | 12.1
Invocations    | 1 2 3 4 5 7 8 9 |  9.8
Crossbows      | 4 6 |  6.8

Action                   |  1- 3 |  4- 6 |  7- 9 | 10-12 | 13-15 || total
-------------------------+-------+-------+-------+-------+-------++-------
Melee: Flail             |    99 |   111 |    69 |       |       ||   279
       Headbutt          |    15 |    30 |    79 |   173 |   123 ||   420
       Morningstar       |       |       |   258 |   612 |   482 ||  1352
       Knife             |       |       |       |   125 |       ||   125
 Fire: Arbalest          |       |       |       |       |   103 ||   103
Invok: Heroism           |       |       |     2 |    15 |     8 ||    25
       Finesse           |       |       |       |     2 |     1 ||     3
 Abil: Evoke Flight      |       |       |     1 |     2 |       ||     3
  Use: Scroll            |     4 |       |     1 |    25 |     6 ||    36
       Potion            |       |       |     1 |     7 |    12 ||    20
 Stab: Invisible         |       |       |       |       |     2 ||     2
       Distracted        |       |       |       |       |     1 ||     1
  Eat: Chunk             |     2 |     5 |    14 |    26 |    21 ||    68
       Fruit             |       |       |     1 |     1 |       ||     2
Armor: Scale mail        |    40 |    29 |       |       |       ||    69
       Chain mail        |       |     1 |   174 |   323 |   379 ||   877
       Plate armour      |       |       |    24 |       |       ||    24
       Skin              |       |       |       |    20 |    44 ||    64
Dodge: Dodged            |    41 |    21 |    96 |   210 |   252 ||   620
Block: Shield            |    59 |    48 |   208 |   484 |   440 ||  1239
